 Dungeon Crawl Stone Soup version 0.19.5 (webtiles) character file.

1920 Shoikan the Basher (level 8, -1/73 HPs)
             Began as a Minotaur Berserker on Mar 16, 2017.
             Was an Elder of Trog.
             Slain by an orc warrior
             ... wielding a +0 glaive
              (14 damage)
             ... in a bailey.
             The game lasted 00:32:47 (6862 turns).

Shoikan the Basher (Minotaur Berserker)             Turns: 6862, Time: 00:32:47

Health: -1/73      AC: 13    Str: 23    XL:     8   Next: 95%
Magic:  6/6        EV: 10    Int:  4    God:    Trog [****..]
Gold:   326        SH:  0    Dex: 11    Spells: 0 memorised, 7 levels left

rFire  . . .     SeeInvis .     a - +0 mace
rCold  + . .     Gourm    .     r - +0 chain mail
rNeg   . . .     Faith    .     (no shield)
rPois  +         Spirit   .     (helmet restricted)
rElec  .         Reflect  .     h - +0 cloak
rCorr  +         Harm     .     (no gloves)
MR     .....                    l - +0 pair of boots
Stlth  ..........               (no amulet)
                                p - ring of resist corrosion
                                g - ring of poison resistance

@: very slightly contaminated, hasted, very quick
A: retaliatory headbutt, horns 2, cold resistance 1, low mp 1, wild magic 1
a: Berserk, Trog's Hand, Brothers in Arms, Burn Spellbooks, Renounce Religion


You were in a bailey.
You worshipped Trog.
Trog was greatly pleased with you.
You were not hungry.

You visited 1 branch of the dungeon, and saw 7 of its levels.
You also visited: Sewer and Bailey.

You collected 326 gold pieces.

Inventory:

Hand Weapons
 a - a +0 mace (weapon)
Armour
 h - a +0 cloak (worn)
 l - a +0 pair of boots (worn)
 r - a +0 chain mail (worn)
Jewellery
 g - a ring of poison resistance (left hand)
 p - a ring of resist corrosion (right hand)
 t - an uncursed ring of protection from fire
 w - an uncursed ring of see invisible
 F - an uncursed ring of fire {unknown}
 H - a +1 ring of evasion {unknown}
 J - an uncursed amulet of faith {unknown}
Wands
 u - a wand of paralysis (0/24)
 G - a wand of paralysis (12/24)
 K - a wand of slowing (36/48)
 M - a wand of paralysis (20/24)
Scrolls
 b - 3 scrolls of recharging
 i - 5 scrolls of remove curse
 n - a scroll of magic mapping {unknown}
 s - a scroll of fear {unknown}
 x - a scroll of vulnerability {unknown}
 y - a scroll of blinking {unknown}
 A - 2 scrolls of teleportation
 C - a scroll of immolation {unknown}
 D - a scroll of noise {unknown}
 E - a scroll of enchant armour {unknown}
Potions
 d - 2 potions of heal wounds {unknown}
 e - 3 potions of curing
 j - 2 potions of lignification {unknown}
 k - a potion of might {unknown}
 m - 2 potions of haste
 o - 3 potions of flight {unknown}
 v - a potion of brilliance {unknown}
 z - a potion of invisibility {unknown}
 B - 2 potions of magic {unknown}
 L - a potion of ambrosia {unknown}
Comestibles
 c - 3 bread rations
 f - 5 meat rations
 q - 2 beef jerkies
 I - a slice of pizza
 N - 2 chunks of flesh


   Skills:
 + Level 7.5 Fighting
 + Level 9.8 Maces & Flails
 + Level 7.2 Armour
 + Level 4.3 Dodging
 + Level 0.3 Evocations


You had 7 spell levels left.
You didn't know any spells.

Dungeon Overview and Level Annotations

Branches:
Dungeon (7/15)
 Temple: D:4-7

Altars:
Cheibriados
Gozag
Yredelemnul


Innate Abilities, Weirdness & Mutations

You reflexively headbutt those who attack you in melee.
You have a pair of horns on your head.
Your flesh is cold resistant. (rC+)
Your magical capacity is low. (-10% MP)
Your spells are a little harder to cast, but a little more powerful.


Message History

You hit the orc but do no damage.
The orc is severely wounded.
The centaur throws a javelin of returning.
The javelin of returning hits you!
The weapon returns to the centaur!
The orc barely misses you. x2
The orc warrior hits you from afar with a glaive!
* * * LOW HITPOINT WARNING * * *
It was a potion of haste.
You feel yourself speed up.
The centaur throws a javelin of returning.
The javelin of returning hits you.
* * * LOW HITPOINT WARNING * * *
The weapon returns to the centaur!
The orc warrior barely misses you. The orc hits you but does no damage. x2
You are very lightly contaminated with residual magic.
A centaur comes into view. It is wielding a spear.
Your chain mail prevents you from hitting the orc.
Your headbutt misses the orc.
The orc is severely wounded.
The orc warrior hits you from afar with a glaive!
You die...

≈≈≈≈≈≈≈≈≈≈≈≈≈..
.≈≈≈≈≈≈≈≈≈≈≈...
...≈≈≈≈≈≈≈....≈
..............≈
.⌠.........⌠.≈≈
.....o.ooo...≈.
≈≈.........≈≈≈.
c≈≈≈.o.@o≈≈≈..≈
≈..≈≈≈≈≈≈≈..≈≈≈
≈≈≈..c....≈≈≈≈≈
≈≈≈≈≈≈≈≈≈≈≈≈≈≈≈
≈≈≈≈≈≈≈≈≈≈≈≈≈≈≈
###############


You could see 3 orc warriors, 2 centaurs and 3 orcs.

Vanquished Creatures
  Grinder (D:6)
  Prince Ribbit (D:6)
  A centaur (Bailey)
  2 big kobolds (Sewer)
  Blork the orc (D:4)
  2 scorpions
  8 killer bees (D:7)
  A crimson imp (D:5)
  A jelly (D:6)
  A hound (D:6)
  4 orc wizards
  A centaur skeleton (D:5)
  3 orc priests (D:4)
  A gnoll shaman (D:6)
  4 iguanas
  4 worker ants
  A hound skeleton (D:7)
  4 adders
  5 gnolls (D:6)
  3 river rats
  2 shadow imps
  6 oozes
  2 adder skeletons (D:5)
  6 worms
  2 dart slugs
  3 leopard geckos
  8 orcs
  5 ball pythons
  11 bats
  2 giant cockroaches
  7 goblins
  4 hobgoblins
  7 jackals
  12 kobolds
  2 quokkas
  2 frilled lizards
  A quokka zombie (D:5)
  12 rats
143 creatures vanquished.

Notes
Turn   | Place    | Note
-------+----------+-------------------------------------------
     0 | D:1      | Shoikan the Minotaur Berserker began the quest for the Orb.
     0 | D:1      | Reached XP level 1. HP: 19/19 MP: 0/0
   473 | D:1      | Reached XP level 2. HP: 27/27 MP: 1/1
   932 | D:1      | Reached skill level 4 in Maces & Flails
  1140 | D:2      | Reached XP level 3. HP: 21/33 MP: 2/2
  1252 | D:2      | Gained mutation: Your flesh is cold resistant. (rC+) [potion of mutation]
  1252 | D:2      | Gained mutation: Your spells are a little harder to cast, but a little more powerful. [potion of mutation]
  1252 | D:2      | Gained mutation: Your magical capacity is low. (-10% MP) [potion of mutation]
  1376 | D:2      | Found a faded altar of an unknown god.
  2033 | D:3      | Reached ** piety under Trog
  2210 | D:3      | Reached XP level 4. HP: 41/41 MP: 2/2
  2260 | D:3      | Found a snail-covered altar of Cheibriados.
  2669 | D:4      | Found an opulent altar of Gozag.
  2791 | D:4      | Reached skill level 5 in Maces & Flails
  2792 | D:4      | Reached XP level 5. HP: 47/47 MP: 3/3
  2799 | D:4      | Reached skill level 5 in Fighting
  2821 | D:4      | Reached skill level 6 in Maces & Flails
  2822 | D:5      | Entered Level 5 of the Dungeon
  2827 | D:5      | Reached XP level 6. HP: 8/56 MP: 4/4
  2828 | D:5      | Reached *** piety under Trog
  3530 | D:5      | Found a glowing drain.
  3534 | Sewer    | Entered a sewer
  3596 | Sewer    | Reached skill level 7 in Maces & Flails
  3596 | Sewer    | Reached XP level 7. HP: 52/62 MP: 5/5
  4823 | D:4      | Found a basalt altar of Yredelemnul.
  4840 | D:4      | Noticed Blork the orc
  4851 | D:4      | Killed Blork the orc
  4851 | D:4      | Reached skill level 8 in Maces & Flails
  5096 | D:6      | Reached **** piety under Trog
  5490 | D:6      | Noticed Prince Ribbit
  5501 | D:6      | Killed Prince Ribbit
  5501 | D:6      | Reached skill level 5 in Armour
  5501 | D:6      | Reached XP level 8. HP: 15/71 MP: 6/6
  5955 | D:6      | Noticed Grinder
  5956 | D:6      | Paralysed by Grinder for 4 turns
  5961 | D:6      | Paralysed by Grinder for 5 turns
  5970 | D:6      | Killed Grinder
  5970 | D:6      | Reached skill level 9 in Maces & Flails
  6783 | D:7      | Found a flagged portal.
  6803 | Bailey   | Entered a bailey
  6862 | Bailey   | Slain by an orc warrior

Skill      XL: |  1  2  3  4  5  6  7  8 |
---------------+-------------------------+-----
Fighting       | 4 5 6 7 |  7.5
Maces & Flails | 4 5 6 7 8 9 |  9.8
Dodging        | 3 4 |  4.3
Armour         | 3 5 7 |  7.2
Evocations     | |  0.3

Action                   |  1- 3 |  4- 6 |  7- 9 || total
-------------------------+-------+-------+-------++-------
Melee: Mace              |    65 |   148 |   210 ||   423
       Headbutt          |     9 |    22 |    40 ||    71
Invok: Burn Spellbooks   |       |       |     1 ||     1
       Berserk           |       |       |     1 ||     1
       Brothers in Arms  |       |       |     1 ||     1
Evoke: Wand              |       |       |     1 ||     1
  Use: Scroll            |     2 |     2 |     2 ||     6
       Potion            |     1 |       |     1 ||     2
  Eat: Chunk             |     4 |     5 |     9 ||    18
       Bread ration      |       |       |     1 ||     1
Armor: Animal skin       |    10 |       |       ||    10
       Chain mail        |     9 |   120 |   115 ||   244
Dodge: Dodged            |    66 |    69 |   120 ||   255
